 Dungeon Crawl Stone Soup version 0.25-a0-589-g1e14c549ee (webtiles) character file.

Game seed: 15049043842395196685, levelgen mode: deterministic

189 Kohma the Digger (level 5, -3/28 HPs)
             Began as a Gargoyle Earth Elementalist on Mar 12, 2020.
             Slain by an iguana (12 damage)
             ... on level 4 of the Dungeon.
             The game lasted 00:07:31 (2890 turns).

Kohma the Digger (Gargoyle Earth Elementalist)      Turns: 2890, Time: 00:07:32

Health: -3/28      AC:  7    Str: 12    XL:     5   Next: 68%
Magic:  0/10       EV: 12    Int: 16    God:
Gold:   75         SH:  0    Dex: 10    Spells: 4/10 levels left

rFire    . . .     SeeInvis .   h - +0 dagger
rCold    . . .     Gourm    .   (no shield)
rNeg     + . .     Faith    .   c - +0 robe
rPois    ∞         Spirit   .   (no helmet)
rElec    +         Reflect  .   (no cloak)
rCorr    .         Harm     .   (no gloves)
MR       .....                  p - +0 pair of boots
Stlth    ++........             q - amulet of the acrobat
HPRegen  0.09/turn              (no ring)
MPRegen  0.12/turn              (no ring)

@: no status effects
A: negative energy resistance 1, electricity resistance, unbreathing,
petrification resistance, rot immunity, AC +4
a: no special abilities


You were on level 4 of the Dungeon.
You were not hungry.

You visited 1 branch of the dungeon, and saw 5 of its levels.

You collected 75 gold pieces.

Inventory:

Hand Weapons
 h - a +0 dagger (weapon)
Missiles
 b - 156 stones (quivered)
 r - 9 poisoned darts
Armour
 c - a +0 robe (worn)
 p - a +0 pair of boots (worn)
Jewellery
 g - an uncursed ring of flight {unknown}
 l - an uncursed ring of protection from cold {unknown}
 q - an amulet of the acrobat (around neck)
Scrolls
 e - a scroll of fear {unknown}
 f - 6 scrolls of identify
 s - a scroll of teleportation {unknown}
 v - a scroll of remove curse {unknown}
Potions
 a - a potion of invisibility
 i - a potion of ambrosia {unknown}
 j - 2 potions of resistance {unknown}
 k - a potion of lignification {unknown}
 m - a potion of stabbing {unknown}
 n - a potion of might
 o - 2 potions of mutation {unknown}
 u - a potion of haste {unknown}
Comestibles
 d - 3 rations
 t - 5 chunks of flesh


   Skills:
 - Level 1.5 Dodging
 - Level 2.1 Stealth
 + Level 3.3 Spellcasting
 + Level 1.0 Conjurations
 - Level 0.7 Transmutations
 * Level 6.3 Earth Magic


You had 4 spell levels left.
You knew the following spells:

 Your Spells              Type           Power        Failure   Level  Hunger
a - Sandblast             Erth           ###...       1%          1    None
b - Passwall              Tmut/Erth      ##......     6%          2    ##.....
c - Stone Arrow           Conj/Erth      ##....       12%         3    ###....

Your spell library contained the following spells:

 Spells                   Type           Power        Failure   Level  Hunger
 Petrify                  Tmut/Erth      ##......     38%         4    ####...
 Lee's Rapid Deconstruct  Erth           ###.......   36%         5    ######.


Dungeon Overview and Level Annotations

Branches:
Dungeon (5/15)
 Temple: D:4-7

Altars:
Elyvilon
Fedhas

Annotations:
D:3 2 transporters, exclusion: downstairs, chispire's ghost, amateur HuNe


Innate Abilities, Weirdness & Mutations

You are resistant to torment.
Your stone body is resilient. (AC +4)
You are immune to poison.
You resist negative energy. (rN+)
You are resistant to electric shocks. (rElec)
You can survive without breathing.
You are immune to petrification.
You are immune to rotting.


Message History

The iguana bites you but does no damage.
Casting: Sandblast (safe; 1% risk of failure)
Confirm with . or Enter, or press ? or * to list all spells.
Aiming: Sandblast (safe; 1% risk of failure)
Press: ? - help, Shift-Dir - straight line, f/p - iguana
Aim: an iguana (heavily wounded)
The blast of sand hits the iguana.
The iguana is almost dead.
b - 156 stones The iguana bites you!
You hit the iguana but do no damage.
The iguana is almost dead.
The iguana bites you but does no damage.
You hit the iguana but do no damage.
The iguana is almost dead.
The iguana closely misses you.
You hit the iguana but do no damage.
The iguana is almost dead.
The iguana bites you!
You die...

##+#### .......
####### .......
#...... .......
#...... .......
#......#.......
#..$..l@.......
#..............
#...[..####....
#...... ...
#...... .
###.### .. ##


You could see an iguana.

Vanquished Creatures
  Terence (D:3)
  A worker ant (D:4)
  8 adders
  A worm (D:3)
  4 dart slugs
  2 leopard geckos (D:2)
  An orc (D:3)
  2 ball pythons
  4 bats
  A giant cockroach (D:3)
  6 goblins
  8 hobgoblins
  2 quokkas (D:3)
  4 frilled lizards
  8 kobolds
  8 rats
61 creatures vanquished.

Notes
Turn   | Place    | Note
-------+----------+-------------------------------------------
     0 | D:1      | Kohma the Gargoyle Earth Elementalist began the quest for
                  | the Orb.
     0 | D:1      | Reached XP level 1. HP: 10/10 MP: 3/3
   184 | D:1      | Reached skill level 4 in Earth Magic
   212 | D:1      | Reached XP level 2. HP: 14/15 MP: 5/5
  1105 | D:2      | Reached XP level 3. HP: 19/19 MP: 2/6
  1285 | D:2      | Reached skill level 5 in Earth Magic
  1513 | D:2      | Reached XP level 4. HP: 24/24 MP: 5/8
  1815 | D:2      | Found a white marble altar of Elyvilon.
  2022 | D:3      | Reached XP level 5. HP: 28/28 MP: 6/9
  2106 | D:3      | Noticed Terence
  2380 | D:2      | Learned a level 2 spell: Passwall
  2384 | D:2      | Learned a level 3 spell: Stone Arrow
  2402 | D:3      | Killed Terence
  2402 | D:3      | Reached skill level 6 in Earth Magic
  2535 | D:3      | Found a blossoming altar of Fedhas.
  2728 | D:3      | Found a transporter.
  2729 | D:3      | Noticed chispire's ghost (amateur HuNe)
  2732 | D:3      | Found a transporter.
  2840 | D:3      | You fall into a shaft and drop 2 floors!
  2840 | D:5      | Entered Level 5 of the Dungeon
  2879 | D:4      | Reached skill level 1 in Conjurations
  2890 | D:4      | Slain by an iguana

Levels and vault maps discovered:
D:1:      nagdon_arrival_zigzag_paths, layout_basic
D:2:      layout_loops_ring, elyvilon_altar_3
D:3:      layout_loops_ring, fedhas_ov_isle_minmay, gammafunk_ghost_arena,
          uniq_terence
D:4:      layout_basic, nicolae_ru_sacrificial_ziggurat, minmay_misc_feat_five,
          chequers_serial_rivers_room_b, uniq_ijyb, uniq_natasha
D:5:      layout_cave_pools, chequers_temple_overflow_statue_of_worship,
          first_ration, gammafunk_ghost_hive, uniq_eustachio

Skill      XL: |  1  2  3  4  5 |
---------------+----------------+-----
Earth Magic    | 4 5 6 |  6.3
Spellcasting   | 3 |  3.3
Conjurations   | 1 |  1.0
Dodging        | |  1.5
Stealth        | |  2.1
Transmutations | |  0.7

Action                   |  1- 3 |  4- 6 || total
-------------------------+-------+-------++-------
Melee: Unarmed           |    38 |       ||    38
       Dagger            |    40 |    86 ||   126
 Cast: Sandblast         |    17 |    46 ||    63
       Stone Arrow       |       |    11 ||    11
  Use: Scroll            |       |     1 ||     1
 Stab: Sleeping          |     1 |       ||     1
  Eat: Chunk             |     2 |     6 ||     8
Armor: Robe              |    35 |    35 ||    70
Dodge: Dodged            |    67 |   100 ||   167

Table legend:
 A = Non-vault XP
 B = Vault XP
 C = Vault XP percentage of total XP
 D = Non-vault monster count
 E = Vault monster count
 F = Vault count percentage of total count
                 A         B        C        D         E       F
            +---------+---------+-------+---------+---------+-------
      Total |     235 |      36 |  13.3 |      60 |       1 |   1.6
            +---------+---------+-------+---------+---------+-------
        D:1 |      24 |       0 |   0.0 |      14 |       0 |   0.0
        D:2 |     107 |       0 |   0.0 |      26 |       0 |   0.0
        D:3 |      70 |      36 |  34.0 |      19 |       1 |   5.0
        D:4 |      34 |       0 |   0.0 |       1 |       0 |   0.0
            +---------+---------+-------+---------+---------+-------
